 Dungeon Crawl Stone Soup version 0.19.5 (webtiles) character file.

515 Jynx the Firebug (level 7, -3/36 HPs)
             Began as a Deep Elf Fire Elementalist on Mar 26, 2017.
             Slain by a phantom (5 damage)
             ... on level 5 of the Dungeon.
             The game lasted 00:07:34 (3835 turns).

Jynx the Firebug (Deep Elf Fire Elementalist)       Turns: 3835, Time: 00:07:35

Health: -3/36      AC:  4    Str:  5    XL:     7   Next: 0%
Magic:  16/26      EV: 13    Int: 22    God:
Gold:   213        SH:  0    Dex: 15    Spells: 5 memorised, 4 levels left

rFire  . . .     SeeInvis .     E - +0 rapier (venom)
rCold  . . .     Gourm    .     a - +0 robe
rNeg   . . .     Faith    .     (no shield)
rPois  .         Spirit   .     (no helmet)
rElec  .         Reflect  .     (no cloak)
rCorr  .         Harm     .     l - +0 pair of gloves
MR     .....                    h - +0 pair of boots
Stlth  ++........               (no amulet)
                                (no ring)
                                i - ring of magical power

@: no status effects
A: no striking features
a: no special abilities


You were on level 5 of the Dungeon.
You were hungry.

You visited 1 branch of the dungeon, and saw 5 of its levels.

You collected 213 gold pieces.

Inventory:

Hand Weapons
 E - a +0 rapier of venom (weapon)
Armour
 a - a +0 robe (worn)
 h - a +0 pair of boots (worn)
 l - a +0 pair of gloves (worn)
 r - a +0 cloak
Jewellery
 i - a ring of magical power (left hand)
 k - an uncursed ring of ice
 x - an uncursed amulet of faith
 z - a cursed amulet of inaccuracy {unknown}
 C - a +5 ring of intelligence {unknown}
 D - a +4 ring of intelligence {unknown}
Wands
 y - a wand of random effects (23/48)
Scrolls
 d - 3 scrolls of remove curse
 g - 2 scrolls of teleportation
 j - 2 scrolls of enchant weapon {unknown}
 o - a scroll of enchant armour {unknown}
 q - 2 scrolls of blinking {unknown}
 v - a scroll of magic mapping {unknown}
 A - a scroll of recharging {unknown}
 F - a scroll of fear {unknown}
 H - a scroll of vulnerability {unknown}
Potions
 e - a potion of magic {unknown}
 m - a potion of agility {unknown}
 n - a potion of flight {unknown}
 p - a potion of haste {unknown}
 t - 2 potions of might {unknown}
Books
 b - a book of Flames

   Spells                             Type                      Level
   a - Flame Tongue                   Conjuration/Fire             1
   b - Throw Flame                    Conjuration/Fire             2
   c - Conjure Flame                  Conjuration/Fire             3
   d - Inner Flame                    Hexes/Fire                   3
   e - Sticky Flame                   Conjuration/Fire             4
   f - Fireball                       Conjuration/Fire             5
 u - a book of Minor Magic

   Spells                             Type                      Level
   a - Magic Dart                     Conjuration                  1
   b - Blink                          Translocation                2
   c - Call Imp                       Summoning                    2
   d - Repel Missiles                 Charms/Air                   2
   e - Slow                           Hexes                        2
   f - Conjure Flame                  Conjuration/Fire             3
   g - Mephitic Cloud                 Conjuration/Poison/Air       3
 G - a book of Misfortune

   Spells                             Type                      Level
   a - Confusing Touch                Hexes                        1
   b - Confuse                        Hexes                        3
   c - Gell's Gravitas                Hexes/Translocation          3
   d - Petrify                        Transmutation/Earth          4
   e - Metabolic Englaciation         Hexes/Ice                    5
   f - Yara's Violent Unravelling     Hexes/Transmutation          5
Comestibles
 c - 4 bread rations
 f - a meat ration
 s - 4 fruits
 w - 2 beef jerkies
 B - a slice of pizza


   Skills:
 - Level 2.4 Dodging
 - Level 2.4 Stealth
 + Level 5.4 Spellcasting
 + Level 3.6 Conjurations
 + Level 2.9 Translocations
 * Level 6.1 Fire Magic


You had 4 spell levels left.
You knew the following spells:

 Your Spells              Type           Power        Failure   Level  Hunger
a - Flame Tongue          Conj/Fire      ####.        1%          1    None
b - Conjure Flame         Conj/Fire      ####....     4%          3    ##.....
c - Sticky Flame          Conj/Fire      ####....     14%         4    ####...
d - Blink                 Tloc           N/A          6%          2    None
e - Repel Missiles        Chrm/Air       #.....       17%         2    None


Dungeon Overview and Level Annotations

Branches:
Dungeon (5/15)
 Temple: D:4-7

Altars:
Ashenzari
Yredelemnul


Message History

The phantom is moderately damaged.
The phantom barely misses you.
Casting: Flame Tongue
Confirm with . or Enter, or press ? or * to list all spells.
Aiming: Flame Tongue
Press: ? - help, Shift-Dir - straight line, f/p - phantom
Aim: a phantom (moderately damaged)
The flame tongue hits the phantom.
The phantom is moderately damaged.
The phantom hits you!
* * * LOW HITPOINT WARNING * * *
Casting: Flame Tongue
Confirm with . or Enter, or press ? or * to list all spells.
Aiming: Flame Tongue
Press: ? - help, Shift-Dir - straight line, f/p - phantom
Aim: a phantom (moderately damaged)
The flame tongue hits the phantom.
The phantom is moderately damaged.
The phantom hits you.
You die...

##...## # #.#
##.....## ##.#.#
##.......##
#....###......)..##
......W..........'.
#..(.............##
#..#.##.#.......##
#)##.##...........
#.@W.##.###..######
#.(####.# ##.#
#.......# ##.#
##(####.# #..# #.#
#.# #[.#
.......###..# #..#
#.>##...###### #..#
#.............
#..###.####..###.##


You could see a phantom.

Vanquished Creatures
  2 centaurs (D:5)
  2 scorpions (D:4)
  An orc wizard (D:3)
  2 orc priests (D:4)
  A bullfrog skeleton (D:5)
  A worker ant (D:4)
  2 adders (D:2)
  A shadow imp (D:5)
  2 oozes (D:3)
  5 dart slugs
  A leopard gecko (D:2)
  5 orcs
  4 giant cockroaches
  8 goblins
  6 hobgoblins
  5 quokkas
  2 ball pythons
  11 bats
  A frilled lizard (D:1)
  9 kobolds
  A leopard gecko skeleton (D:5)
  5 rats
77 creatures vanquished.

Notes
Turn   | Place    | Note
-------+----------+-------------------------------------------
     0 | D:1      | Jynx the Deep Elf Fire Elementalist began the quest for the Orb.
     0 | D:1      | Reached XP level 1. HP: 10/10 MP: 6/6
   277 | D:1      | Reached XP level 2. HP: 15/15 MP: 8/8
   712 | D:1      | Reached skill level 4 in Fire Magic
   976 | D:1      | Reached XP level 3. HP: 19/19 MP: 10/10
  1011 | D:1      | Learned a level 3 spell: Conjure Flame
  1700 | D:2      | Reached XP level 4. HP: 21/24 MP: 12/12
  1738 | D:2      | Learned a level 4 spell: Sticky Flame
  1741 | D:2      | Learned a level 2 spell: Blink
  2576 | D:3      | Reached skill level 1 in Translocations
  2779 | D:4      | Reached skill level 5 in Fire Magic
  2779 | D:4      | Reached XP level 5. HP: 26/28 MP: 13/13
  2932 | D:4      | Found a basalt altar of Yredelemnul.
  3129 | D:4      | Reached XP level 6. HP: 32/32 MP: 15/15
  3245 | D:5      | Entered Level 5 of the Dungeon
  3281 | D:5      | Found a shattered altar of Ashenzari.
  3311 | D:5      | Reached skill level 5 in Spellcasting
  3475 | D:5      | Learned a level 2 spell: Repel Missiles
  3831 | D:5      | Reached skill level 6 in Fire Magic
  3831 | D:5      | Reached XP level 7. HP: 11/36 MP: 17/17
  3835 | D:5      | Slain by a phantom

Skill      XL: |  1  2  3  4  5  6 |
---------------+-------------------+-----
Fire Magic     | 4 5 6 |  6.1
Conjurations   | 2 3 |  3.6
Spellcasting   | 4 5 |  5.4
Translocations | 1 2 |  2.9
Dodging        | |  2.4
Stealth        | |  2.4

Action                   |  1- 3 |  4- 6 |  7- 9 || total
-------------------------+-------+-------+-------++-------
Melee: Unarmed           |     1 |       |       ||     1
 Cast: Flame Tongue      |    76 |    94 |     5 ||   175
  Use: Scroll            |       |     4 |       ||     4
  Eat: Chunk             |     2 |     6 |       ||     8
Armor: Robe              |     8 |     4 |     1 ||    13
Dodge: Dodged            |    35 |    30 |     1 ||    66
